 Dungeon Crawl Stone Soup version 0.21.1-1-g345015f (webtiles) character file.

445 tidbits the Sneak (level 7, 0/50 HPs)
             Began as a Gnoll Enchanter on Mar 24, 2018.
             Succumbed to a worker ant's poison
             ... on level 4 of the Dungeon.
             The game lasted 00:08:55 (919 turns).

tidbits the Sneak (Gnoll Enchanter)                  Turns: 919, Time: 00:08:55

Health: 0/50       AC:  3    Str: 11    XL:     7   Next: 3%
Magic:  15/15      EV: 16    Int: 19    God:
Gold:   89         SH:  0    Dex: 21    Spells: 7/16 levels left

rFire    . . .     SeeInvis .   a - +2 dagger (flame)
rCold    . . .     Gourm    .   (no shield)
rNeg     . . .     Faith    .   b - +0 robe
rPois    .         Spirit   .   (no helmet)
rElec    .         Reflect  .   (no cloak)
rCorr    +         Harm     .   (no gloves)
MR       .....                  (no boots)
Stlth    ++++......             (no amulet)
HPRegen  0.16/turn              s - ring of resist corrosion
MPRegen  0.14/turn              x - +4 ring of dexterity

@: lethally poisoned (0 -> -23), flying, hasted, very quick
A: distributed training, fangs 1, thin skeletal structure 1, blurry vision 1,
shaggy fur 1, strong nose
a: no special abilities


You were on level 4 of the Dungeon.
You were not hungry.

You visited 2 branches of the dungeon, and saw 6 of its levels.

You collected 89 gold pieces.

Inventory:

Hand Weapons
 a - a +2 dagger of flaming (weapon)
   (You found it on level 1 of the Dungeon)
 h - a +0 hunting sling
 n - a +1 dagger
 r - a +0 short sword
 A - a +0 morningstar
Missiles
 i - 37 stones
 v - 2 tomahawks
 w - 7 javelins (quivered)
 y - a throwing net {!f}
Armour
 b - a +0 robe (worn)
Jewellery
 s - a ring of resist corrosion (left hand)
   (You found it on level 1 of the Dungeon)
 x - a +4 ring of dexterity (right hand)
   (You found it on level 3 of the Dungeon)
Wands
 g - a wand of iceblast (7)
Scrolls
 e - a scroll of enchant weapon {unknown}
 f - a scroll of immolation {unknown}
 j - 2 scrolls of identify
 k - a scroll of fog
 o - 2 scrolls of remove curse {unknown}
 q - a scroll of noise {unknown}
 t - a scroll of amnesia {unknown}
 B - a scroll of enchant armour {unknown}
Potions
 l - a potion of haste
 m - a potion of flight
 u - 3 potions of agility
 C - a potion of curing {unknown}
Books
 c - a book of Maledictions

   Spells                             Type                      Level
   a - Corona                         Hexes                        1
   b - Ensorcelled Hibernation        Hexes/Ice                    2
   c - Confuse                        Hexes                        3
   d - Tukima's Dance                 Hexes                        3
   e - Dazzling Spray                 Conjuration/Hexes            3
Comestibles
 d - 5 rations


   Skills:
 + Level 2.2 Fighting
 + Level 3.4 Short Blades
 + Level 2.2 Long Blades
 + Level 2.2 Axes
 + Level 2.2 Maces & Flails
 + Level 2.2 Polearms
 + Level 2.2 Staves
 + Level 2.2 Slings
 + Level 2.2 Bows
 + Level 2.2 Crossbows
 + Level 2.2 Throwing
 + Level 2.2 Armour
 + Level 5.1 Dodging
 + Level 6.4 Stealth
 + Level 2.2 Shields
 + Level 2.2 Unarmed Combat
 + Level 5.4 Spellcasting
 + Level 1.7 Conjurations
 + Level 5.7 Hexes
 + Level 1.7 Charms
 + Level 1.7 Summonings
 + Level 1.7 Necromancy
 + Level 1.7 Translocations
 + Level 1.7 Transmutations
 + Level 1.7 Fire Magic
 + Level 1.7 Ice Magic
 + Level 1.7 Air Magic
 + Level 1.7 Earth Magic
 + Level 1.7 Poison Magic
 + Level 2.4 Invocations
 + Level 2.2 Evocations


You had 7 spell levels left.
You knew the following spells:

 Your Spells              Type           Power        Failure   Level  Hunger
a - Corona                Hex            ####...      1%          1    None
c - Confuse               Hex            ####....     3%          3    ##.....
d - Dazzling Spray        Conj/Hex       ###...       8%          3    ##.....
e - Ensorcelled Hibernat  Hex/Ice        ###...       3%          2    None


Dungeon Overview and Level Annotations

Branches:
Dungeon (5/15)             Temple (1/1) D:4

Altars:
Ashenzari
Dithmenos
Elyvilon
Fedhas
Hepliaklqana
Kikubaaqudgha
Makhleb
Nemelex Xobeh
Ru
Trog
Vehumet
Wu Jian
Xom
Yredelemnul
Zin

Shops:
D:5 !

Annotations:
D:5 vatarom's ghost, novice TeSu


Innate Abilities, Weirdness & Mutations

Your experience applies equally to all skills.
You have very sharp teeth.
Your uncanny sense of smell can sniff out nearby items.
You have a somewhat thin skeletal structure. (Dex +2, Stealth)
Scrolls take you a little longer to read.
You are covered in fur. (AC +1)


Message History

The hound barks!
You see here a scroll labeled BAZOFE PIWAHEECKA.
B - a scroll labeled BAZOFE PIWAHEECKA
Casting: Ensorcelled Hibernation
Confirm with . or Enter, or press ? or * to list all spells.
Aiming: Corona
Press: ? - help, Shift-Dir - straight line, f - hound
Aim: a hound (chance to defeat MR: 74%)
The hound is outlined in light.
The hound closely misses you. The hound barely misses you.
Unknown command.
You hit the hound. You burn the hound.
The hound is lightly wounded.
The hound completely misses you.
You hit the hound. You burn the hound.
The hound is moderately wounded.
The hound misses you.
You hit the hound. You burn the hound.
The hound is heavily wounded.
The hound barely misses you.
You barely miss the hound.
The hound is heavily wounded.
The hound closely misses you. The hound bites you.
* * * LOW HITPOINT WARNING * * *
You hit the hound. You burn the hound. Your punch misses the hound.
The hound is heavily wounded.
The hound bites you.
* * * LOW HITPOINT WARNING * * *
You hit the hound. You burn the hound.
The hound is severely wounded.
The hound closely misses you.
You hit the hound. You burn the hound.
You kill the hound!
You have reached level 7!
You see here an inky potion.
m - 2 inky potions (gained 1)
Found a yellow potion.
Found a stone staircase leading up.
A worker ant comes into view.
Found a scroll labeled WOTEMOTRUH.
Found a stone staircase leading up.
You see here a yellow potion.
C - a yellow potion An ogre comes into view.
It is wielding a giant club.
The worker ant twitches its antennae in your direction.
The worker ant barely misses you.
You hit the worker ant. You burn the worker ant.
The worker ant is moderately wounded.
The worker ant closely misses you. The worker ant bites you!
* * * LOW HITPOINT WARNING * * *
Casting: Corona
Confirm with . or Enter, or press ? or * to list all spells.
Aiming: Ensorcelled Hibernation
Press: ? - help, Shift-Dir - straight line, f - worker ant
Aim: a worker ant (moderately wounded, chance to defeat MR: 58%)
The worker ant resists with significant effort.
The worker ant misses you.
Casting: Ensorcelled Hibernation
Confirm with . or Enter, or press ? or * to list all spells.
Aiming: Ensorcelled Hibernation
Press: ? - help, Shift-Dir - straight line, f/p - worker ant
Aim: a worker ant (moderately wounded, chance to defeat MR: 58%)
The worker ant resists with significant effort.
The worker ant barely misses you.
Evoke which item? (* to show all) (? for menu, Esc to quit)
Aiming: Iceblast
Press: ? - help, Shift-Dir - straight line, p - worker ant The mass of ice explodes!
The iceblast engulfs the worker ant.
The worker ant is almost dead.
The worker ant bites you.
* * * LOW HITPOINT WARNING * * *
You are lethally poisoned!
The worker ant poisons you!
Unknown command.
You feel yourself speed up.
* * * LOW HITPOINT WARNING * * *
You feel sick. The worker ant bites you.
* * * LOW HITPOINT WARNING * * *
You are more poisoned.
The worker ant poisons you!
Unknown command.
* * * LOW HITPOINT WARNING * * *
You feel sick.
The ogre shouts!
It was a potion of flight.
You feel very buoyant.
You fly up into the air.
* * * LOW HITPOINT WARNING * * *
You feel sick. The worker ant completely misses you.
It was a potion of mutation.
You feel extremely strange.
Your bones become slightly less dense.
Your vision blurs.
Fur sprouts all over your body.
* * * LOW HITPOINT WARNING * * *
You feel sick. The worker ant bites you.
* * * LOW HITPOINT WARNING * * *
You are more poisoned.
The worker ant poisons you!
It was a potion of magic.
Magic courses through your body.
You die...

...##........# .#
....#........##.#
###..........##.#
##.........##.########
##..................#
#...........<......#
#..................#
#..................#
.............@.?<...#
..#########....aO....#
## #..........#
#..........#
#..........#
############


You could see an ogre and a worker ant.

Vanquished Creatures
  The ghost of Mgcat the Insei, an amateur OpTm of Jiyva (D:4)
  A sky beast (D:4)
  2 hounds
  3 worker ants
  An adder skeleton (D:4)
  2 worms
  2 leopard geckos (D:4)
  6 orcs
  3 giant cockroaches (D:3)
  3 goblins
  2 hobgoblins
  2 jackals (D:3)
  A kobold (D:1)
  A quokka (D:4)
  A bat (D:3)
  A frilled lizard (D:1)
  A jackal skeleton (D:4)
  2 rats
35 creatures vanquished.

Vanquished Creatures (others)
  4 toadstools (D:1)
4 creatures vanquished.

Grand Total: 39 creatures vanquished

Notes
Turn   | Place    | Note
-------+----------+-------------------------------------------
     0 | D:1      | tidbits the Gnoll Enchanter began the quest for the Orb.
     0 | D:1      | Reached XP level 1. HP: 13/13 MP: 6/6
   208 | D:1      | Reached XP level 2. HP: 16/19 MP: 5/7
   217 | D:1      | Learned a level 2 spell: Ensorcelled Hibernation
   465 | D:3      | Reached XP level 3. HP: 12/25 MP: 1/9
   470 | D:3      | Learned a level 3 spell: Confuse
   474 | D:3      | Learned a level 3 spell: Dazzling Spray
   502 | D:4      | Found a staircase to the Ecumenical Temple.
   507 | D:4      | Reached skill level 5 in Spellcasting
   516 | Temple   | Entered the Ecumenical Temple
   637 | D:4      | Noticed a killer bee
   648 | D:4      | Noticed Mgcat's ghost (amateur OpTm)
   651 | D:4      | Reached skill level 6 in Stealth
   651 | D:4      | Reached skill level 1 in Invocations
   654 | D:4      | Reached skill level 1 in Fighting
   654 | D:4      | Reached skill level 1 in Long Blades
   654 | D:4      | Reached skill level 1 in Axes
   654 | D:4      | Reached skill level 1 in Maces & Flails
   654 | D:4      | Reached skill level 1 in Polearms
   654 | D:4      | Reached skill level 1 in Staves
   654 | D:4      | Reached skill level 1 in Slings
   654 | D:4      | Reached skill level 1 in Bows
   654 | D:4      | Reached skill level 1 in Crossbows
   654 | D:4      | Reached skill level 1 in Throwing
   654 | D:4      | Reached skill level 1 in Armour
   654 | D:4      | Reached skill level 1 in Shields
   654 | D:4      | Reached skill level 1 in Unarmed Combat
   654 | D:4      | Reached skill level 1 in Evocations
   657 | D:5      | Entered Level 5 of the Dungeon
   657 | D:5      | Noticed a centaur
   729 | D:4      | Reached XP level 4. HP: 27/32 MP: 2/11
   770 | D:5      | Reached skill level 1 in Conjurations
   770 | D:5      | Reached skill level 1 in Charms
   770 | D:5      | Reached skill level 1 in Summonings
   770 | D:5      | Reached skill level 1 in Necromancy
   770 | D:5      | Reached skill level 1 in Translocations
   770 | D:5      | Reached skill level 1 in Transmutations
   770 | D:5      | Reached skill level 1 in Fire Magic
   770 | D:5      | Reached skill level 1 in Ice Magic
   770 | D:5      | Reached skill level 1 in Air Magic
   770 | D:5      | Reached skill level 1 in Earth Magic
   770 | D:5      | Reached skill level 1 in Poison Magic
   782 | D:5      | Reached XP level 5. HP: 17/37 MP: 2/12
   812 | D:5      | Noticed vatarom's ghost (novice TeSu)
   824 | D:5      | Found Tedau's Distillery.
   859 | D:4      | Killed Mgcat's ghost
   859 | D:4      | Reached skill level 3 in Short Blades
   859 | D:4      | Reached skill level 5 in Dodging
   859 | D:4      | Reached skill level 2 in Invocations
   859 | D:4      | Reached XP level 6. HP: 7/44 MP: 1/14
   871 | D:4      | Noticed a sky beast
   874 | D:4      | Killed a sky beast
   874 | D:4      | Reached skill level 2 in Fighting
   874 | D:4      | Reached skill level 2 in Long Blades
   874 | D:4      | Reached skill level 2 in Axes
   874 | D:4      | Reached skill level 2 in Maces & Flails
   874 | D:4      | Reached skill level 2 in Polearms
   874 | D:4      | Reached skill level 2 in Staves
   874 | D:4      | Reached skill level 2 in Slings
   874 | D:4      | Reached skill level 2 in Bows
   874 | D:4      | Reached skill level 2 in Crossbows
   874 | D:4      | Reached skill level 2 in Throwing
   874 | D:4      | Reached skill level 2 in Armour
   874 | D:4      | Reached skill level 2 in Shields
   874 | D:4      | Reached skill level 2 in Unarmed Combat
   874 | D:4      | Reached skill level 2 in Evocations
   887 | D:4      | Reached XP level 7. HP: 10/50 MP: 1/15
   915 | D:4      | HP: 5/50 [worker ant (1)]
   918 | D:4      | Gained mutation: You have a somewhat thin skeletal structure. (Dex +2, Stealth) [potion of mutation]
   918 | D:4      | Gained mutation: Scrolls take you a little longer to read. [potion of mutation]
   918 | D:4      | Gained mutation: You are covered in fur. (AC +1) [potion of mutation]
   918 | D:4      | HP: 2/50 [poisoned by a worker ant]
   919 | D:4      | Succumbed to a worker ant's poison

Skill      XL: |  1  2  3  4  5  6 |
---------------+-------------------+-----
Spellcasting   | 5 |  5.4
Stealth        | 6 |  6.4
Invocations    | 1 2 |  2.4
Fighting       | 1 2 |  2.2
Long Blades    | 1 2 |  2.2
Axes           | 1 2 |  2.2
Maces & Flails | 1 2 |  2.2
Polearms       | 1 2 |  2.2
Staves         | 1 2 |  2.2
Slings         | 1 2 |  2.2
Bows           | 1 2 |  2.2
Crossbows      | 1 2 |  2.2
Throwing       | 1 2 |  2.2
Armour         | 1 2 |  2.2
Shields        | 1 2 |  2.2
Unarmed Combat | 1 2 |  2.2
Evocations     | 1 2 |  2.2
Conjurations   | 1 |  1.7
Charms         | 1 |  1.7
Summonings     | 1 |  1.7
Necromancy     | 1 |  1.7
Translocations | 1 |  1.7
Transmutations | 1 |  1.7
Fire Magic     | 1 |  1.7
Ice Magic      | 1 |  1.7
Air Magic      | 1 |  1.7
Earth Magic    | 1 |  1.7
Poison Magic   | 1 |  1.7
Short Blades   | 3 |  3.4
Dodging        | 5 |  5.1
Hexes          | |  5.7

Action                   |  1- 3 |  4- 6 |  7- 9 || total
-------------------------+-------+-------+-------++-------
Melee: Dagger            |    40 |    27 |     1 ||    68
       Bite              |     1 |     2 |       ||     3
 Cast: Corona            |     8 |     3 |       ||    11
       Ensorcelled Hiber |    14 |     5 |     2 ||    21
       Dazzling Spray    |     1 |       |       ||     1
       Confuse           |       |     1 |       ||     1
Evoke: Wand              |       |     4 |     1 ||     5
  Use: Potion            |       |     2 |     4 ||     6
       Scroll            |       |     3 |       ||     3
 Stab: Sleeping          |    14 |     5 |       ||    19
Armor: Robe              |     4 |     2 |       ||     6
Dodge: Dodged            |    35 |    29 |     5 ||    69

Table legend:
 A = Turns spent in this place as a percentage of turns spent in the entire game.
 B = Non-inter-level travel turns spent in this place as a percentage of non-inter-level travel turns spent in the entire game.
 C = Inter-level travel turns spent in this place as a percentage of turns spent in this place.
 D = Turns resting spent in this place as a percentage of non-inter-level travel turns spent in this place.
 E = Turns spent auto-exploring this place as a percentage of non-inter-level travel turns spent in this place.
 F = Non-inter-level travel turns spent in this place divided by the number of levels of this place that you've seen.
                   A       B       C       D       E      F
               +-------+-------+-------+-------+-------+----------------------
         Total | 100.0 | 100.0 |   0.9 |   0.0 |   0.0 | 151.8
       Dungeon |  89.9 |  90.7 |   0.0 |   0.0 |   0.0 | 165.2
        Temple |  10.1 |   9.3 |   8.6 |   0.0 |   0.0 |  85.0
               +-------+-------+-------+-------+-------+----------------------

Table legend:
 A = Kills in this place as a percentage of kills in entire the game.
 B = Kills by you in this place as a percentage of kills by you in the entire game.
 C = Kills by friends in this place as a percentage of kills by friends in the entire game.
 D = Other kills in this place as a percentage of other kills in the entire game.
 E = Experience gained in this place as a percentage of experience gained in the entire game.
 F = Experience gained in this place divided by the number of levels of this place that you have seen.
                   A       B       C       D       E      F
               +-------+-------+-------+-------+-------+----------------------
         Total | 100.0 | 100.0 |   N/A |   N/A | 100.0 | 106.2
       Dungeon | 100.0 | 100.0 |   N/A |   N/A | 100.0 | 127.4
               +-------+-------+-------+-------+-------+----------------------

Vault maps used:
D:1:      ldierk_walled_garden_2
D:3:      nicolae_tso_carved_into_rock
D:4:      minmay_temple_entry_statues
D:5:      cheibrodos_iron_armory, serial_shops, shop, first_ration,
          minmay_misc_feat_tiny
Temple:   eino_temple_scatter_basement
